 Dungeon Crawl Stone Soup version 0.24.0-123-gd5b16e6ec5 (webtiles) character file.

Game seed: 7954032401189286914, levelgen mode: deterministic

602 Elellon the Cleaver (level 7, -2/57 HPs)
             Began as a Hill Orc Fighter on Jan 24, 2020.
             Slain by a killer bee (3 damage)
             ... on level 4 of the Dungeon.
             The game lasted 00:05:07 (4612 turns).

Elellon the Cleaver (Hill Orc Fighter)              Turns: 4612, Time: 00:05:07

Health: -2/57      AC: 13    Str: 21    XL:     7   Next: 41%
Magic:  7/7        EV:  5    Int:  8    God:
Gold:   291        SH:  9    Dex: 10    Spells: 6/6 levels left

rFire    . . .     SeeInvis .   a - +0 war axe
rCold    . . .     Gourm    .   c - +0 shield
rNeg     . . .     Faith    .   i - +0 chain mail
rPois    .         Spirit   .   (no helmet)
rElec    .         Reflect  .   h - +2 cloak
rCorr    .         Harm     .   (no gloves)
MR       .....                  p - +0 pair of boots
Stlth    ..........             (no amulet)
HPRegen  0.19/turn              (no ring)
MPRegen  0.10/turn              (no ring)

@: lethally poisoned (-2 -> -9)
A: no striking features
a: no special abilities


You were on level 4 of the Dungeon.
You were near starving.

You visited 2 branches of the dungeon, and saw 6 of its levels.

You collected 291 gold pieces.

Inventory:

Hand Weapons
 a - a +0 war axe (weapon)
Armour
 c - a +0 shield (worn)
 h - a +2 cloak (worn)
 i - a +0 chain mail (worn)
 p - a +0 pair of boots (worn)
Jewellery
 n - an uncursed amulet of harm {unknown}
Wands
 t - a wand of flame (21)
Scrolls
 e - 2 scrolls of immolation {unknown}
 g - 2 scrolls of magic mapping {unknown}
 j - a scroll of amnesia {unknown}
 q - 5 scrolls of remove curse {unknown}
 r - a scroll of fog {unknown}
 s - a scroll of identify {unknown}
Potions
 d - a potion of might
 k - a potion of berserk rage {unknown}
 l - 2 potions of flight {unknown}
 m - 2 potions of curing {unknown}
 o - 2 potions of mutation {unknown}
 u - a potion of ambrosia {unknown}
Comestibles
 f - 9 rations


   Skills:
 - Level 3.6 Fighting
 + Level 10.4 Axes
 - Level 3.2 Armour
 - Level 3.2 Shields


You had 6 spell levels left.
You didn't know any spells.
Your spell library contained the following spells:

 Spells                   Type           Power        Failure   Level  Hunger
 Beastly Appendage        Tmut           #.....       100%        1    ##.....
 Sticks to Snakes         Tmut           #.......     100%        2    ###....
 Spider Form              Tmut/Pois      #.........   100%        3    ####...
 Ice Form                 Ice/Tmut       #.......     100%        4    #####..
 Blade Hands              Tmut           #.........   100%        5    ######.


Dungeon Overview and Level Annotations

Branches:
Dungeon (5/15)             Temple (1/1) D:4

Altars:
Elyvilon
Fedhas
Hepliaklqana
Makhleb
Qazlal
Ru
Sif Muna
Trog
Uskayaw
Wu Jian
Xom
Yredelemnul
Zin
The Shining One
Lugonu


Message History

The killer bee barely misses you. You block the killer bee's attack.
There is a stone staircase leading up here.
* * * LOW HITPOINT WARNING * * *
You feel sick.
The killer bee stings you but does no damage. x2
You block the killer bee's attack.
The killer bee stings you but does no damage.
You climb upwards.
Reactivating autopickup.
* * * LOW HITPOINT WARNING * * *
You feel sick.
There is a stone staircase leading down here.
You miss the killer bee.
The killer bee is heavily wounded.
You miss the killer bee.
* * * LOW HITPOINT WARNING * * *
You feel sick.
The killer bee stings you but does no damage. x2
The killer bee barely misses you. The killer bee stings you.
You die...

.#.#
#.#.###.#.#######
.#.#
#.#...#.#.......#
.#.##
#[#...#.####.####
....#
#.#...#....#.#
....#
#.##.#####.#.#
....# #.##.#
#.#.# ....#
#.##.# #.#.#
....# #.##.#
#y#.# ....#
#.##.#####@#.#
....#
#.##.....y.#.#
....#
#.##########.#
>...# #.# #.#
....# #.# #.#
....# #.# #.#
.#.## #.# #.#
.#.####.# #.#
.#.#....# #.#


You could see 2 killer bees.

Vanquished Creatures
  An ice beast (D:5)
  3 ogres
  2 orc wizards
  A worker ant (D:5)
  3 gnolls (D:4)
  5 adders
  2 dart slugs (D:1)
  A leopard gecko (D:1)
  7 orcs
  12 bats
  4 giant cockroaches
  9 goblins
  14 hobgoblins
  4 jackals
  13 kobolds
  2 quokkas (D:4)
  3 ball pythons
  5 frilled lizards
  2 rats
93 creatures vanquished.

Notes
Turn   | Place    | Note
-------+----------+-------------------------------------------
     0 | D:1      | Elellon the Hill Orc Fighter began the quest for the Orb.
     0 | D:1      | Reached XP level 1. HP: 19/19 MP: 1/1
    19 | D:1      | Reached skill level 3 in Axes
    69 | D:1      | Reached XP level 2. HP: 25/26 MP: 2/2
   191 | D:1      | Reached skill level 4 in Axes
   786 | D:1      | Reached XP level 3. HP: 31/31 MP: 3/3
  1563 | D:2      | Reached skill level 5 in Axes
  1844 | D:2      | Reached XP level 4. HP: 39/39 MP: 4/4
  2187 | D:3      | Reached skill level 6 in Axes
  2245 | D:3      | Noticed an ogre
  2251 | D:3      | Killed an ogre
  2251 | D:3      | Reached skill level 7 in Axes
  2251 | D:3      | Reached XP level 5. HP: 23/45 MP: 5/5
  2787 | D:3      | Found a hazy altar of Hepliaklqana.
  2827 | D:3      | Reached skill level 8 in Axes
  2859 | D:3      | Reached XP level 6. HP: 50/51 MP: 6/6
  2870 | D:3      | Found a white marble altar of Elyvilon.
  2870 | D:3      | Found a glowing golden altar of the Shining One.
  2871 | D:3      | Found a glowing silver altar of Zin.
  3563 | D:4      | Reached skill level 9 in Axes
  3669 | D:4      | Found a staircase to the Ecumenical Temple.
  3693 | Temple   | Entered the Ecumenical Temple
  3815 | D:4      | Reached XP level 7. HP: 33/57 MP: 7/7
  4208 | D:4      | Found a bloodstained altar of Trog.
  4578 | D:5      | Entered Level 5 of the Dungeon
  4585 | D:5      | Reached skill level 10 in Axes
  4611 | D:4      | HP: 2/57 [poisoned by a killer bee]
  4612 | D:4      | Slain by a killer bee

Levels and vault maps discovered:
D:1:      erik_arrival_triangle_large, layout_basic, minmay_tetromino_o4
D:2:      layout_basic, first_ration, kennysheep_generic_room_14
D:3:      layout_basic, good_gods_mini_temple, old_standard_altar
D:4:      layout_basic, bloody_trog, minmay_temple_entry_wispy,
          corexii_item_surrounded_by_moat
D:5:      layout_gridville, kennysheep_mini_moat, roderic_malta_cross,
          grunt_ministairs_8
Temple:   corrupted_temple

Skill      XL: |  1  2  3  4  5  6  7 |
---------------+----------------------+-----
Axes           | 3 4 5 7 8 9 10 | 10.4
Fighting       | |  3.6
Armour         | |  3.2
Shields        | |  3.2

Action                   |  1- 3 |  4- 6 |  7- 9 || total
-------------------------+-------+-------+-------++-------
Melee: War axe           |   141 |   124 |    29 ||   294
  Eat: Chunk             |     3 |     6 |     1 ||    10
Armor: Scale mail        |    67 |    54 |       ||   121
       Chain mail        |       |    23 |    25 ||    48
Dodge: Dodged            |    29 |    43 |    17 ||    89
Block: Shield            |    83 |    62 |    29 ||   174
